 Dungeon Crawl Stone Soup version 0.30-b1-2-g02819fbbbe (webtiles) character file.

Game seed: 13985300190049129482

11076 LLlMATKO the Cleaver (level 11, -9/101 HPs)
             Began as a Minotaur Berserker on July 27, 2023.
             Was a High Priest of Trog.
             Mangled by Jorgrun
             ... wielding a staff of earth
              (16 damage)
             ... on level 14 of the Dungeon on July 29, 2023.
             The game lasted 00:10:16 (9505 turns).

LLlMATKO the Cleaver (Minotaur Berserker)           Turns: 9505, Time: 00:10:17

Health: -9/101     AC: 19    Str: 24    XL:     11   Next: 44%
Magic:  10/10      EV: 12    Int: 10    God:    Trog [*****.]
Gold:   741        SH:  0    Dex: 13    Spells: 10/10 levels left

rFire   . . .        M - +5 battleaxe of Cuehaco {flame, rPois rC+++ Str-2 Dex+3}
rCold   + + +        (shield currently unavailable)
rNeg    . . .        O - +0 plate armour
rPois   +            (helmet restricted)
rElec   .            H - +0 cloak
rCorr   +            l - +0 pair of gloves
SInv    .            P - +0 pair of boots "Umis" {rPois Int+6}
Will    .....        (no amulet) Stlth
                     q - +5 ring of evasion
HPRegen 0.36/turn    j - ring of resist corrosion
MPRegen 0.12/turn

%: no passive effects
@: grasped by roots, on berserk cooldown, slowed, constricted, studying Unarmed
Combat, very slow
A: horns 2, retaliatory headbutt
a: Renounce Religion, Berserk, Trog's Hand, Brothers in Arms


You were on level 14 of the Dungeon.
You worshipped Trog.
Trog was extremely pleased with you.
You visited 1 branch of the dungeon, and saw 12 of its levels.
You also visited: Ossuary and Bailey.

You collected 741 gold pieces.

Inventory:

Hand Weapons
 y - a +2 war axe of electrocution
 A - a +5 spear
 M - the +5 battleaxe of Cuehaco (weapon) {flame, rPois rC+++ Str-2 Dex+3}
   (You found it in a bailey)

   Str:       It affects your strength (-2).
   Dex:       It affects your dexterity (+3).
   rC:        It renders you almost immune to cold.
   rPois:     It protects you from poison.
 N - a +7 battleaxe
Missiles
 g - 22 poisoned darts (quivered)
 I - 31 boomerangs
 J - 5 curare-tipped darts
Armour
 l - a +0 pair of gloves (worn)
 z - a +0 buckler
 H - a +0 cloak (worn)
 O - a +0 plate armour (worn)
 P - the +0 pair of boots "Umis" (worn) {rPois Int+6}
   (You found it on level 11 of the Dungeon)

   Int:       It affects your intelligence (+6).
   rPois:     It protects you from poison.
Jewellery
 j - a ring of resist corrosion (right hand)
 m - a +6 ring of intelligence
 q - a +5 ring of evasion (left hand)
 x - a ring of protection from fire
Wands
 w - a wand of charming (19)
Scrolls
 c - 2 scrolls of blinking
 e - a scroll of magic mapping
 f - 11 scrolls of identify {unknown}
 h - 2 scrolls of immolation {unknown}
 k - 7 scrolls of teleportation {unknown}
 o - a scroll of vulnerability {unknown}
 p - 4 scrolls of poison {unknown}
 t - a scroll of acquirement {unknown}
 v - 4 scrolls of enchant armour {unknown}
 B - 2 scrolls of summoning
 C - 3 scrolls of enchant weapon {unknown}
 E - 3 scrolls of fog {unknown}
 F - 3 scrolls of fear
 Q - a scroll of amnesia {unknown}
Potions
 a - 4 potions of might {unknown}
 b - 3 potions of degeneration {unknown}
 d - 7 potions of curing {unknown}
 i - 2 potions of cancellation {unknown}
 n - 3 potions of haste {unknown}
 r - 4 potions of attraction {unknown}
 s - a potion of ambrosia {unknown}
 u - 2 potions of berserk rage {unknown}
 D - 2 potions of lignification {unknown}
 G - 3 potions of heal wounds {unknown}
 K - a potion of magic {unknown}
 L - a potion of experience


   Skills:
 + Level 10.7 Fighting
 + Level 10.7 Axes
 + Level 10.3 Armour
 + Level 9.5 Dodging
 + Level 8.7 Shields


You had 10 spell levels left.
You didn't know any spells.
Your spell library was empty.

Dungeon Overview and Level Annotations

Branches:
Dungeon (11/15)            Temple (0/1) D:4             Orc (0/2) D:10
Ossuary (visited)          Bailey (visited)
   Lair: D:8-11

Altars:
Ashenzari
Elyvilon
Fedhas
Gozag
Hepliaklqana
Kikubaaqudgha
Makhleb
Okawaru
Ru
Sif Muna
Vehumet
Wu Jian
Yredelemnul
The Shining One

Shops:
D:8 (

Annotations:
D:11 Nergalle
D:14 Jorgrun


Innate Abilities, Weirdness & Mutations

You have a pair of horns on your head.
You reflexively headbutt those who attack you in melee.


Message History

Your limbs are stiffening.
You barely miss Jorgrun.
Jorgrun is heavily wounded.
Jorgrun hits you but does no damage. The grasping roots constrict you!
You have turned to stone.
Jorgrun gestures at you while chanting. The iron shot hits you!
The grasping roots constrict you. Jorgrun gestures at you while chanting.
You struggle to resist.
The grasping roots constrict you! Jorgrun hits you with a staff of earth.
The grasping roots constrict you. Jorgrun hits you with a staff of earth.
The grasping roots constrict you! Jorgrun gestures at you while chanting.
The iron shot hits you!!! The grasping roots constrict you!
You hear an angry buzzing noise.
Jorgrun hits you but does no damage. The grasping roots constrict you.
You are no longer berserk.
You feel yourself slow down. Jorgrun hits you with a staff of earth!
Jorgrun shatters you!!
* * * LOW HITPOINT WARNING * * *
The grasping roots constrict you!
* * * LOW HITPOINT WARNING * * *
A vampire mosquito comes into view.
You turn to flesh and can move again.
You are too injured to fight recklessly!
Unknown command.
The vampire mosquito buzzes angrily.
You slice Jorgrun!! You burn Jorgrun. You headbutt Jorgrun!
Jorgrun is severely wounded.
You hear an angry buzzing noise.
Jorgrun hits you with a staff of earth.
* * * LOW HITPOINT WARNING * * *
Jorgrun shatters you.
* * * LOW HITPOINT WARNING * * *
The grasping roots constrict you.
* * * LOW HITPOINT WARNING * * *
The vampire mosquito bites you.
* * * LOW HITPOINT WARNING * * *
The vampire mosquito draws strength from your injuries!
Jorgrun hits you with a staff of earth!
You die...

##### ### #...# ..# #
#####...##..#≈###
.......+(..≈~~..
############........~~!(#
##..............#.#.~≈....
#.........:....)@y.# ....
.÷÷.............#g## ...
.÷.#############.## ..
..## ## . ...#########
............ #...........
##.......... ###########


You could see Jorgrun and a vampire mosquito.

Vanquished Creatures
  Nessos (D:14)
  2 two-headed ogres (D:10)
  6 ugly things (D:14)
  Maggie (D:8)
  A troll (D:8)
  A hornet (D:8)
  A shadow (D:10)
  A wyvern (D:8)
  A steam dragon (D:7)
  4 vampire mosquitoes (D:10)
  A warg (D:10)
  7 orc warriors
  A sky beast (D:6)
  An ogre (D:10)
  2 ice beasts
  A phantom (D:5)
  5 bullfrogs
  3 scorpions
  A kobold brigand (D:8)
  A necrophage (D:7)
  3 water moccasin zombies (Ossuary)
  14 wights
  16 killer bees
  4 howler monkeys
  2 hounds
  2 jellies
  An orc priest (D:10)
  A gnoll bouda (D:5)
  4 iguanas
  A sleepcap (D:5)
  11 orc wizards
  A hound skeleton (D:7)
  3 mummies
  2 adders
  6 gnolls
  A shadow imp (D:6)
  An adder zombie (Ossuary)
  2 worms
  5 dart slugs
  30 orcs
  9 bats
  7 endoplasms
  5 giant cockroaches
  3 gnoll zombies (Ossuary)
  9 goblins
  9 hobgoblins
  6 jackals
  19 kobolds
  5 quokkas
  5 ball pythons
  2 frilled lizards
  4 hobgoblin zombies (Ossuary)
  4 kobold zombies (Ossuary)
  9 orc zombies
  3 rats
251 creatures vanquished.

Vanquished Creatures (collateral kills)
  An orc warlord (Bailey)
1 creature vanquished.

Vanquished Creatures (others)
  3 plants (D:5)
3 creatures vanquished.

Grand Total: 255 creatures vanquished

Notes
Turn   | Place    | Note
-------+----------+-------------------------------------------
     0 | D:1      | LLlMATKO the Minotaur Berserker began the quest for the
                  | Orb.
     0 | D:1      | Reached XP level 1. HP: 19/19 MP: 0/0
    66 | D:1      | Reached XP level 2. HP: 27/27 MP: 1/1
   568 | D:2      | Reached XP level 3. HP: 33/33 MP: 2/2
   780 | D:2      | Reached ** piety under Trog
  1535 | D:3      | Found a faded altar of an unknown god.
  1598 | D:3      | Noticed an ice beast
  1607 | D:3      | Killed an ice beast
  1608 | D:3      | Reached XP level 4. HP: 35/41 MP: 3/3
  1608 | D:3      | Reached XP level 5. HP: 40/47 MP: 4/4
  1974 | D:3      | Found a broken altar of Ashenzari.
  2152 | D:4      | Found an opulent altar of Gozag.
  2335 | D:4      | Reached skill level 5 in Fighting
  2335 | D:4      | Reached skill level 5 in Axes
  2471 | D:4      | Reached XP level 6. HP: 44/56 MP: 5/5
  2553 | D:4      | Found a staircase to the Ecumenical Temple.
  3065 | D:5      | Entered Level 5 of the Dungeon
  3428 | D:5      | Found an iron altar of Okawaru.
  3437 | D:5      | Reached skill level 5 in Armour
  3437 | D:5      | Reached XP level 7. HP: 62/62 MP: 6/6
  3512 | D:5      | Reached *** piety under Trog
  3683 | D:5      | Found a glowing golden altar of the Shining One.
  3918 | D:5      | Found a radiant altar of Vehumet.
  4105 | D:6      | Reached skill level 5 in Dodging
  4173 | D:6      | Reached skill level 1 in Shields
  4429 | D:6      | Found an ornate altar of the Wu Jian Council.
  4698 | D:7      | Found a burning altar of Makhleb.
  4744 | D:7      | Reached XP level 8. HP: 71/71 MP: 7/7
  4762 | D:7      | Found a sand-covered staircase.
  4767 | Ossuary  | Entered an ossuary
  4835 | Ossuary  | Reached **** piety under Trog
  5742 | D:8      | Noticed a hornet
  5744 | D:8      | Noticed Maggie
  5748 | D:8      | Killed a hornet
  5760 | D:8      | Killed Maggie
  5761 | D:8      | Reached XP level 9. HP: 52/79 MP: 8/8
  5796 | D:8      | Noticed a troll
  5805 | D:8      | Killed a troll
  6022 | D:8      | Found Bim Beni's Weapon Shop.
  6083 | D:8      | Reached skill level 5 in Shields
  6128 | D:8      | Found a shimmering blue altar of Sif Muna.
  6312 | D:8      | Identified the +5 dagger of Miasto {flame, rF+ rN+ Int+3}
  6421 | D:8      | Found a hazy altar of Hepliaklqana.
  6618 | D:9      | Found a flagged portal.
  6724 | D:9      | HP: 4/82 [poisoned by a killer bee]
  6729 | Bailey   | Entered a bailey
  6891 | Bailey   | Noticed an orc warlord
  7057 | Bailey   | Reached XP level 10. HP: 83/90 MP: 9/9
  7096 | Bailey   | Reached ***** piety under Trog
  7097 | Bailey   | Found a runed translucent gate.
  7097 | Bailey   | Found a runed translucent gate.
  7097 | Bailey   | Found a runed translucent gate.
  7317 | Bailey   | Killed an orc warlord
  7333 | Bailey   | Identified the +5 battleaxe of Cuehaco {flame, rPois rC+++
                  | Str-2 Dex+3}
  7480 | D:9      | Found a basalt altar of Yredelemnul.
  7790 | D:9      | Found a blossoming altar of Fedhas.
  7833 | D:10     | Entered Level 10 of the Dungeon
  7833 | D:10     | Noticed a two-headed ogre
  7839 | D:10     | Killed a two-headed ogre
  8238 | D:10     | Found a staircase to the Orcish Mines.
  8474 | D:10     | Reached skill level 10 in Axes
  8475 | D:10     | Reached skill level 10 in Fighting
  8536 | D:10     | Noticed a two-headed ogre
  8540 | D:10     | Killed a two-headed ogre
  8541 | D:10     | Reached XP level 11. HP: 88/99 MP: 10/10
  8666 | D:10     | Found an ancient bone altar of Kikubaaqudgha.
  8666 | D:10     | Found a white marble altar of Elyvilon.
  8667 | D:10     | Found a sacrificial altar of Ru.
  9071 | D:11     | Identified the +0 pair of boots "Umis" {rPois Int+6}
  9145 | D:11     | Noticed Nergalle
  9145 | D:11     | You fall into a shaft and drop 3 floors!
  9149 | D:14     | Noticed a white ugly thing
  9149 | D:14     | Noticed a white ugly thing
  9149 | D:14     | Noticed a white ugly thing
  9150 | D:14     | Noticed a white ugly thing
  9150 | D:14     | Noticed a white ugly thing
  9150 | D:14     | Noticed a white ugly thing
  9155 | D:14     | Killed a white ugly thing
  9156 | D:14     | Killed a white ugly thing
  9162 | D:14     | Killed a purple ugly thing
  9163 | D:14     | Reached skill level 10 in Armour
  9163 | D:14     | Killed a red ugly thing
  9164 | D:14     | Killed a green ugly thing
  9170 | D:14     | Killed a cyan ugly thing
  9421 | D:14     | Noticed Nessos
  9421 | D:14     | Noticed Jorgrun
  9434 | D:14     | Killed Nessos
  9505 | D:14     | Mangled by Jorgrun

Illustrated notes

Levels and vault maps discovered:
D:1:      eino_arrival_druids_welcome, layout_rooms, minmay_misc_feat_encased
D:2:      layout_basic
D:3:      layout_basic, mainiacjoe_overflow_alcove_4,
          ebering_ecumenical_altar_sacrificial
D:4:      layout_gridville, kennysheep_mini, minmay_temple_entry_statues_pillars
D:5:      layout_loops_ring, mainiacjoe_overflow_cross_hatched,
          mainiacjoe_overflow_surrounded_room, overflow_temple_1_default,
          minivault_1, grunt_ministairs_8
D:6:      layout_loops_ring, nzn_wu_jian_council_hall
D:7:      layout_gridville, makhleb_blood_cavern_becter,
          nicolae_ossuary_entry_giza
D:8:      layout_cave_pools, worldfamousw_hep_ancestral_shrine,
          mainiacjoe_overflow_concentric_impassable, serial_shops, shop,
          serial_rivers, chequers_serial_rivers_micro_b,
          chequers_serial_rivers_micro_e, chequers_serial_rivers_large_a,
          chequers_serial_rivers_room_a, chequers_serial_rivers_large_b,
          uniq_maggie
D:9:      layout_cave_pools, mainiacjoe_overflow_paths,
          mainiacjoe_overflow_alcove_1, enter_bailey_5
D:10:     layout_irregular_city, gammafunk_temple_overflow_claw, erik_orc_3,
          kennysheep_nub
D:11:     layout_cave_pods, hellmonk_lair_entry_icy, uniq_nergalle, uniq_urug
D:14:     dreamdust_isle_of_ice, layout_basic, nrook_uturn, serial_rivers,
          chequers_serial_rivers_small_3, chequers_serial_rivers_small_a,
          chequers_serial_rivers_room_a, chequers_serial_rivers_room_b,
          uniq_jorgrun, uniq_nessos

Skill      XL: |  1  2  3  4  5  6  7  8  9 10 11 |
---------------+----------------------------------+-----
Fighting       | 4 5 6 7 8 10 | 10.7
Axes           | 4 5 6 7 8 10 | 10.7
Armour         | 3 4 5 7 8 9 10 | 10.3
Dodging        | 3 4 5 6 7 8 9 |  9.5
Shields        | 2 4 6 7 8 |  8.7

Action                     |  1- 3 |  4- 6 |  7- 9 | 10-12 || total
---------------------------+-------+-------+-------+-------++-------
  Melee: Hand axe          |    82 |   111 |    19 |       ||   212
         Headbutt          |     5 |    16 |    34 |    22 ||    77
         Punch             |       |     1 |       |       ||     1
         War axe           |       |       |   226 |    49 ||   275
         Battleaxe         |       |       |       |    80 ||    80
  Throw: Dart              |       |       |       |     1 ||     1
 Invoke: Berserk           |     1 |     1 |     3 |     4 ||     9
         Trog's Hand       |       |       |       |     1 ||     1
         Brothers in Arms  |       |       |       |     1 ||     1
    Use: Scroll            |       |       |     4 |       ||     4
 Armour: Animal skin       |     7 |       |       |       ||     7
         Ring mail         |    20 |       |       |       ||    20
         Scale mail        |     8 |    34 |    68 |    27 ||   137
         Plate armour      |       |       |       |    32 ||    32
  Dodge: Dodged            |    67 |    77 |   173 |   128 ||   445
  Block: Buckler           |       |       |    53 |    15 ||    68
